 Dungeon Crawl Stone Soup version 0.18.1-2-ga659475 (webtiles) character file.

518 shmeve the Skirmisher (level 7, 73/91 HPs)
             Began as a Red Draconian Berserker on May 8, 2016.
             Was a Priest of Trog.
             Quit the game on level 4 of the Dungeon.
             The game lasted 00:05:23 (2430 turns).

shmeve the Skirmisher (Red Draconian Berserker)     Turns: 2430, Time: 00:05:24

Health: 73/91      AC:  7    Str: 26    XL:     7   Next: 1%
Magic:  7/7        EV: 13    Int:  8    God:    Trog [***...]
Gold:   163        SH:  0    Dex: 10    Spells: 0 memorised, 6 levels left

rFire  + . .     SeeInvis .     a - +1 hand axe
rCold  . . .     Gourm    .     (armour unavailable)
rNeg   . . .     Faith    .     (no shield)
rPois  .         Spirit   .     (helmet restricted)
rElec  .         Dismiss  .     (no cloak)
rCorr  .         Reflect  .     g - +0 pair of gloves
SustAt .         Harm     .     (no boots)
MR     .....                    (no amulet)
Stlth  ..........               (no ring)
                                (no ring)

@: berserking (expiring), very quick, not resistant to hostile enchantments,
extremely unstealthy
A: breathe fire, unfitting armour, fire resistance 1, cold-blooded, AC +6
a: Breathe Fire, Berserk, Trog's Hand, Burn Spellbooks, Renounce Religion


You were on level 4 of the Dungeon.
You worshipped Trog.
Trog was most pleased with you.
You were not hungry.

You visited 1 branch of the dungeon, and saw 4 of its levels.

You collected 163 gold pieces.

Inventory:

Hand Weapons
 a - a +1 hand axe (weapon)
Armour
 g - a +0 pair of gloves (worn)
Wands
 d - a wand of lightning (5/15)
Scrolls
 e - a scroll of identify
 f - 2 scrolls of enchant weapon
 i - a scroll of fear {unknown}
Potions
 h - 2 potions of cure mutation {unknown}
 j - 2 potions of mutation {unknown}
 k - a potion of flight {unknown}
Comestibles
 b - 3 bread rations
 c - 3 fruits
 l - a beef jerky


   Skills:
 * Level 5.0 Fighting
 * Level 4.9 Axes
 * Level 4.2 Dodging
 * Level 3.5 Stealth


You had 6 spell levels left.
You didn't know any spells.

Dungeon Overview and Level Annotations

Branches:
Dungeon (4/15)
 Temple: D:4-7

Altars:
Ashenzari
Elyvilon
Sif Muna
The Shining One


Innate Abilities, Weirdness & Mutations

You can breathe blasts of fire.
Your fiery red scales are hard (AC +6).
Your body does not fit into most forms of armour.
Your flesh is heat resistant.
You are cold-blooded and may be slowed by cold attacks.


Message History

Sigmund is almost dead.
You completely miss Sigmund.
Your tail-slap misses Sigmund.
Sigmund is almost dead.
Sigmund gestures at you while chanting. The magic dart hits you!
You barely miss Sigmund.
Sigmund is almost dead.
Sigmund barely misses you.
You slash Sigmund!
You kill Sigmund!
Trog accepts your kill.
Trog appreciates your killing of a magic user.
Your Fighting skill increases to level 5!
Your Dodging skill increases to level 4!
You have reached level 7!
Your scales start taking on a fiery red colour.
You learn Fire Magic much quicker.
You learn Ice Magic much slower.
You can breathe blasts of fire.
You feel resistant to heat.
Are you sure you want to abandon this character and quit the game? (Confirm with "yes".)

# #..#
#.#..# .#..#
.... #.(##
#. #...
#..#..######
#...<..)@.#
##..#####)#
#.## .# #.
.# .$ .# ##
.# .# .#


There were no monsters in sight!

Vanquished Creatures
  Sigmund (D:4)
  2 ogres
  An orc priest (D:3)
  A worker ant (D:3)
  A howler monkey zombie (D:3)
  7 adders
  An ooze (D:1)
  A dart slug (D:1)
  2 giant geckos (D:1)
  7 orcs (D:3)
  3 bats
  5 goblins
  6 hobgoblins
  6 jackals
  6 kobolds
  3 quokkas (D:2)
  4 ball pythons
  6 giant newts
  3 rats
66 creatures vanquished.

Notes
Turn   | Place    | Note
--------------------------------------------------------------
     0 | D:1      | shmeve the Draconian Berserker began the quest for the Orb.
     0 | D:1      | Reached XP level 1. HP: 19/19 MP: 1/1
    98 | D:1      | Reached XP level 2. HP: 5/26 MP: 2/2
   452 | D:1      | Found a shattered altar of Ashenzari.
   717 | D:1      | Reached skill level 1 in Stealth
   971 | D:2      | Reached XP level 3. HP: 29/31 MP: 3/3
   975 | D:2      | Reached ** piety under Trog
  1075 | D:2      | Reached XP level 4. HP: 27/40 MP: 4/4
  1137 | D:2      | Found a white marble altar of Elyvilon.
  1275 | D:2      | Found a faded altar to an unknown god.
  1421 | D:2      | Reached skill level 4 in Fighting
  1641 | D:3      | Found a glowing golden altar of the Shining One.
  1666 | D:3      | Noticed an ogre
  1670 | D:3      | Reached *** piety under Trog
  1676 | D:3      | Killed an ogre
  1676 | D:3      | Reached XP level 5. HP: 47/47 MP: 5/5
  2090 | D:3      | Reached XP level 6. HP: 27/53 MP: 6/6
  2352 | D:3      | Found a deep blue altar of Sif Muna.
  2423 | D:4      | Noticed Sigmund
  2429 | D:4      | Killed Sigmund
  2429 | D:4      | Reached skill level 5 in Fighting
  2429 | D:4      | Your scales start taking on a fiery red colour.
  2429 | D:4      | Reached XP level 7. HP: 61/61 MP: 7/7
  2429 | D:4      | Gained mutation: Your flesh is heat resistant. [Red Draconian growth]
  2430 | D:4      | Quit the game

Skill      XL: |  1  2  3  4  5  6 |
---------------+-------------------+-----
Stealth        | 1 2 3 |  3.5
Dodging        | 3 4 |  4.2
Fighting       | 4 5 |  5.0
Axes           | 4 |  4.9

Action                   |  1- 3 |  4- 6 |  7- 9 || total
-------------------------+-------+-------+-------++-------
Melee: Hand axe          |    78 |   118 |       ||   196
       Tailslap          |    12 |    14 |       ||    26
Invok: Berserk           |       |     2 |       ||     2
       Burn Spellbooks   |       |     1 |       ||     1
  Use: Scroll            |       |     5 |       ||     5
 Stab: Sleeping          |     2 |       |       ||     2
  Eat: Chunk             |       |     6 |       ||     6
Armor: Skin              |    37 |    31 |       ||    68
Dodge: Dodged            |    69 |    94 |       ||   163
